 Dungeon Crawl Stone Soup version 0.26-a0-651-gb41185065b (webtiles) character file.

Game seed: 6626315253071438137

3091 Flugslaktarn the Cleaver (level 9, -8/86 HPs)
             Began as a Deep Dwarf Fighter on Oct 5, 2020.
             Was a Believer of Makhleb.
             Mangled by a two-headed ogre
             ... wielding a cursed +0 giant club
              (11 damage)
             ... on level 9 of the Dungeon.
             The game lasted 00:03:10 (4150 turns).

Flugslaktarn the Cleaver (Deep Dwarf Fighter)       Turns: 4150, Time: 00:03:11

Health: -8/86      AC: 11    Str: 22    XL:     9   Next: 59%
Magic:  6/6        EV:  6    Int: 17    God:    Makhleb [**....]
Gold:   276        SH: 11    Dex: 12    Spells: 8/8 levels left

rFire    . . .     SeeInvis .   a - +0 war axe
rCold    . . .     Faith    +   c - +0 kite shield
rNeg     . . .     Spirit   .   o - +1 chain mail
rPois    .         Reflect  .   (no helmet)
rElec    +         Harm     .   (no cloak)
rCorr    .         Rampage  .   (no gloves)
MR       +++..     Rnd*Tele +   (no boots)
Stlth    ..........             g - amulet of faith
HPRegen  0.00/turn              s - ring of Finality {*Tele rElec MR+ Int+7}
MPRegen  0.10/turn              m - ring of protection from magic (curse)

@: non-regenerating
A: damage resistance, heal wounds, sense surroundings 2, no regeneration
a: Heal Wounds, Minor Destruction, Renounce Religion


You were on level 9 of the Dungeon.
You worshipped Makhleb.
Makhleb was pleased with you.
You visited 2 branches of the dungeon, and saw 10 of its levels.

You collected 388 gold pieces.
You spent 112 gold pieces at shops.

Inventory:

Hand Weapons
 a - a +0 war axe (weapon)
Armour
 b - a +0 scale mail
 c - a +0 kite shield (worn)
 o - a +1 chain mail (worn)
   (You found it on level 2 of the Dungeon)
Jewellery
 g - an amulet of faith (around neck)
   (You found it on level 2 of the Dungeon)
 i - an uncursed ring of see invisible
   (You found it on level 3 of the Dungeon)
 m - a cursed ring of protection from magic (right hand)
   (You found it on level 3 of the Dungeon)
 r - a cursed amulet of inaccuracy {unknown}
   (You found it on level 8 of the Dungeon)
 s - the ring of Finality (left hand) {*Tele rElec MR+ Int+7}
   (You found it on level 5 of the Dungeon)

   [ring of teleportation]

   It may teleport you next to monsters.
   It affects your intelligence (+7).
   It insulates you from electricity.
   It affects your resistance to hostile enchantments.
Wands
 f - a wand of iceblast (3)
   (You took it off Joseph on level 7 of the Dungeon)
 l - a wand of digging (1)
   (You found it on level 8 of the Dungeon)
Scrolls
 p - 3 scrolls of magic mapping
 q - a scroll of fear
 t - 6 scrolls of teleportation
Potions
 d - 2 potions of might
 e - 4 potions of mutation
 h - a potion of haste
 j - a potion of lignification {unknown}
 k - a potion of flight
 n - 3 potions of curing {unknown}
 w - 3 potions of heal wounds
 x - a potion of ambrosia {unknown}
 z - a potion of berserk rage {unknown}


   Skills:
 * Level 7.4 Fighting
 * Level 8.5 Axes
 + Level 6.6 Armour
 + Level 6.7 Shields
 + Level 4.4 Invocations


You had 8 spell levels left.
You didn't know any spells.
Your spell library was empty.

Dungeon Overview and Level Annotations

Branches:
Dungeon (9/15)             Temple (1/1) D:6
   Lair: D:8-11         Orc: D:9-12

Altars:
Cheibriados
Dithmenos
Elyvilon
Fedhas
Gozag
Kikubaaqudgha
Makhleb
Nemelex Xobeh
Qazlal
Sif Muna
Vehumet
Xom
Yredelemnul
Zin
The Shining One

Shops:
D:6 !

Portals:
Abyss: D:5

Annotations:
D:4 2 runed translucent doors, btv's ghost, amateur DrTm
D:5 2 transporters, p0werm0de's ghost, novice MiFi


Innate Abilities, Weirdness & Mutations

You are resistant to damage.
You can heal yourself by infusing magical energy.
You passively map the area around you.
You do not regenerate.


Message History

The two-headed ogre hits you but does no damage.
You barely miss the two-headed ogre.
The two-headed ogre is heavily wounded.
You slash the two-headed ogre!
The two-headed ogre is almost dead.
You block the two-headed ogre's attack. x2
You feel much better.
The two-headed ogre hits you with a cursed +0 giant club!!
The two-headed ogre completely misses you.
You hit the two-headed ogre but do no damage.
The two-headed ogre is almost dead.
The two-headed ogre hits you with a cursed +0 giant club!
* * * LOW HITPOINT WARNING * * *
The two-headed ogre hits you with a +0 giant spiked club!!
* * * LOW HITPOINT WARNING * * *
You are too injured to fight recklessly!
You are too injured to fight recklessly!
You fail to use your ability.
The two-headed ogre hits you with a cursed +0 giant club!
You die...

, , #........#
, , #.)......#
, ,
..##........# ,
, ..#.........#
,,,
........?...##
, ,
*##...........#
, #...........#
**
*#.##....#####
, +.*#.O@.# * *
#..#....# * **
#.......# **
*#.##....# ,
,.., .....# ,,
*## +#....# ,
,, #.#### * ,
,#.# , ,, #.#


You could see a two-headed ogre.

Vanquished Creatures
  Joseph (D:7)
  2 wyverns (D:8)
  Duvessa (D:4)
  A black bear (D:8)
  A phantom (D:7)
  A sky beast (D:8)
  An ice beast (D:8)
  2 ogres
  3 centaurs
  A big kobold (D:8)
  5 bullfrogs
  Dowan (D:4)
  3 scorpions
  A bullfrog zombie (D:5)
  5 hounds
  3 jellies
  3 orc priests
  A gnoll shaman (D:5)
  A centaur skeleton (D:8)
  An iguana (D:7)
  6 orc wizards
  7 worker ants
  A hound zombie (D:8)
  A hound skeleton (D:5)
  7 gnolls
  7 adders
  3 white imps
  An ooze (D:2)
  3 worms
  A dart slug (D:2)
  3 leopard geckos
  23 orcs
  2 giant cockroaches (D:4)
  A goblin (D:3)
  2 hobgoblins
  3 jackals (D:4)
  6 kobolds
  5 quokkas
  4 bats
  2 frilled lizards
  2 leopard gecko skeletons
  A leopard gecko zombie (D:5)
  3 rats
132 creatures vanquished.

Notes
Turn   | Place    | Note
-------+----------+-------------------------------------------
     0 | D:1      | Flugslaktarn the Deep Dwarf Fighter began the quest for the
                  | Orb.
     0 | D:1      | Reached XP level 1. HP: 20/20 MP: 1/1
    11 | D:1      | You fall into a shaft and drop 1 floor!
   110 | D:2      | Reached XP level 2. HP: 22/27 MP: 1/1
   370 | D:3      | Reached XP level 3. HP: 23/34 MP: 2/2
   454 | D:4      | Found a large runed translucent door.
   454 | D:4      | Found a large runed translucent door.
   457 | D:4      | Noticed btv's ghost (amateur DrTm)
   589 | D:4      | Reached skill level 3 in Axes
   644 | D:4      | Noticed an ogre
   651 | D:4      | Killed an ogre
   651 | D:4      | Reached XP level 4. HP: 35/43 MP: 3/3
   659 | D:4      | Found a white marble altar of Elyvilon.
   909 | D:4      | Reached XP level 5. HP: 24/50 MP: 4/4
   957 | D:4      | Noticed Duvessa
   958 | D:4      | Noticed Dowan
   972 | D:4      | Killed Duvessa
   972 | D:4      | Reached skill level 4 in Axes
   976 | D:4      | Killed Dowan
   976 | D:4      | Reached XP level 6. HP: 57/57 MP: 5/5
  1508 | D:4      | Reached skill level 5 in Axes
  1574 | D:5      | Entered Level 5 of the Dungeon
  1578 | D:5      | Reached XP level 7. HP: 44/66 MP: 6/6
  1615 | D:5      | Reached skill level 5 in Fighting
  1751 | D:5      | Found a transporter.
  1751 | D:5      | Found a one-way gate to the infinite horrors of the Abyss.
  1751 | D:5      | Noticed p0werm0de's ghost (novice MiFi)
  1759 | D:5      | Found a transporter.
  1852 | D:5      | Reached skill level 5 in Armour
  1854 | D:5      | Reached skill level 5 in Shields
  1928 | D:5      | Got a twitching ivory ring
  1943 | D:5      | Reached skill level 6 in Axes
  1962 | D:5      | Noticed a small abomination
  2136 | D:6      | Reached XP level 8. HP: 54/75 MP: 7/7
  2187 | D:6      | Found an opulent altar of Gozag.
  2219 | D:6      | Found a staircase to the Ecumenical Temple.
  2246 | Temple   | Entered the Ecumenical Temple
  2292 | Temple   | Became a worshipper of Makhleb the Destroyer
  2448 | D:6      | Found Furghar's Distillery.
  2472 | D:6      | Bought a potion of mutation for 112 gold pieces
  2520 | D:6      | Reached skill level 1 in Invocations
  2793 | D:6      | Identified the ring of Finality {*Tele rElec MR+ Int+7}
                  | (You found it on level 5 of the Dungeon)
  2936 | D:7      | Noticed Joseph
  2944 | D:7      | Reached skill level 7 in Axes
  2969 | D:7      | Killed Joseph
  2969 | D:7      | Reached * piety under Makhleb
  3069 | D:7      | Gained mutation: You passively map the area around you.
                  | [Deep Dwarf growth]
  3069 | D:7      | Reached XP level 9. HP: 34/85 MP: 7/7
  3223 | D:8      | Found an ancient bone altar of Kikubaaqudgha.
  3224 | D:8      | Found a radiant altar of Vehumet.
  3246 | D:8      | Found a snail-covered altar of Cheibriados.
  3452 | D:8      | Reached skill level 8 in Axes
  3595 | D:8      | Reached ** piety under Makhleb
  4135 | D:9      | Noticed a two-headed ogre
  4148 | D:9      | HP: 3/86 [two-headed ogre/cursed +0 giant club (21)]
  4150 | D:9      | Mangled by a two-headed ogre

Illustrated notes

Levels and vault maps discovered:
D:1:      tarquinn_simple_flora_water_a, layout_rooms
D:2:      layout_basic, kennysheep_generic_room_9
D:3:      layout_basic, fedhas_altar_2
D:4:      layout_gridville, lemuel_round_altar, ebering_ghost_disaster_area,
          uniq_duvessa
D:5:      layout_cave_pools, gammafunk_ghost_abyssal_escape,
          minmay_quadrilaterals
D:6:      layout_loops_cross, minmay_temple_entry_slanted, serial_shops,
          nicolae_shop_window_shopping, nicolae_gozag_seed_capital
D:7:      layout_rooms, uniq_joseph
D:8:      layout_basic, grunt_temple_overflow_open
D:9:      layout_irregular_city, lemuel_doored_altar, nemelex_dance_club_becter
Temple:   bh_familiar_temple

Skill      XL: |  1  2  3  4  5  6  7  8  9 |
---------------+----------------------------+-----
Fighting       | 3 4 5 6 7 |  7.4
Axes           | 3 4 5 6 7 8 |  8.5
Armour         | 4 5 6 |  6.6
Shields        | 4 5 6 |  6.7
Invocations    | 3 4 |  4.4

Action                   |  1- 3 |  4- 6 |  7- 9 || total
-------------------------+-------+-------+-------++-------
Melee: War axe           |    79 |   134 |   358 ||   571
 Abil: Heal Wounds       |     2 |     4 |    17 ||    23
  Use: Scroll            |       |       |    10 ||    10
Armor: Scale mail        |    24 |       |       ||    24
       Chain mail        |    24 |    79 |   189 ||   292
       Skin              |       |    14 |       ||    14
Dodge: Dodged            |    22 |    27 |   103 ||   152
Block: Kite shield       |    45 |    65 |   228 ||   338

Table legend: (Time is in decaauts)
 A = Elapsed time spent in this place.
 B = Non-inter-level travel time spent in this place.
 C = Inter-level travel time spent in this place.
 D = Time resting spent in this place.
 E = Time spent auto-exploring this place.
 F = Levels seen in this place.
 G = Mean time per level.
                   A        B        C        D        E       F      G
               +--------+--------+--------+--------+--------+-----+--------+
         Total |   4310 |   4121 |    189 |    100 |   2861 |  10 |  431.0 |
       Dungeon |   4239 |   4080 |    159 |    100 |   2822 |   9 |  471.0 |
        Temple |     71 |     41 |     30 |      0 |     39 |   1 |   71.0 |
               +--------+--------+--------+--------+--------+-----+--------+

Top non-repeatable levels by time:
     D:4: 1205 daAuts
     D:8: 916 daAuts
     D:6: 664 daAuts
     D:5: 558 daAuts
     D:7: 378 daAuts
     D:2: 295 daAuts
     D:1: 98 daAuts
     D:3: 89 daAuts
  Temple: 71 daAuts
     D:9: 32 daAuts
